 Dungeon Crawl Stone Soup version 0.30.0-5-g1a98f26d00 (webtiles) character file.

Game seed: 4805358702173399977

286 SeerSkye the Chopper (level 6, -6/56 HPs)
             Began as a Minotaur Fighter on May 10, 2023.
             Mangled by Menkaure (16 damage)
             ... on level 5 of the Dungeon.
             The game lasted 00:04:30 (3746 turns).

SeerSkye the Chopper (Minotaur Fighter)             Turns: 3746, Time: 00:04:31

Health: -6/56      AC:  9    Str: 22    XL:     6   Next: 8%
Magic:  5/5        EV:  8    Int:  5    God:
Gold:   229        SH:  4    Dex: 10    Spells: 5/5 levels left

rFire   . . .        a - +0 war axe
rCold   . . .        c - +0 buckler
rNeg    + . .        w - +0 chain mail
rPois   .            (helmet restricted)
rElec   .            (no cloak)
rCorr   .            (no gloves)
SInv    .            (no boots)
Will    .....        (no amulet) Stlth
                     v - ring of positive energy
HPRegen 0.29/turn    (no ring)
MPRegen 0.09/turn

%: no passive effects
@: silenced
A: horns 2, retaliatory headbutt
a: no special abilities


You were on level 5 of the Dungeon.
You visited 1 branch of the dungeon, and saw 5 of its levels.

You collected 229 gold pieces.

Inventory:

Hand Weapons
 a - a +0 war axe (weapon)
Armour
 b - an orb of wrath
 c - a +0 buckler (worn)
 w - a +0 chain mail (worn)
Jewellery
 h - a ring of fire
 v - a ring of positive energy (left hand)
Wands
 u - a wand of mindburst (10)
Scrolls
 j - 2 scrolls of teleportation
 n - 3 scrolls of silence
 o - a scroll of fog {unknown}
 p - 4 scrolls of blinking
 q - a scroll of poison {unknown}
 r - a scroll of brand weapon {unknown}
 s - a scroll of vulnerability {unknown}
Potions
 d - 2 potions of might
 f - a potion of lignification
 g - a potion of ambrosia {unknown}
 i - a potion of curing {unknown}
 k - 2 potions of flight {unknown}
 l - a potion of berserk rage {unknown}
 m - 3 potions of heal wounds {unknown}
 t - 2 potions of haste {unknown}


   Skills:
 + Level 5.5 Fighting
 * Level 6.5 Axes
 - Level 3.6 Armour
 - Level 3.6 Shields


You had 5 spell levels left.
You didn't know any spells.
Your spell library contained the following spells:

 Spells                   Type           Power      Damage    Failure   Level
 Cigotuvi's Dreadful Rot  Necr/Pois/Air  0%         N/A       99%         2
 Dispel Undead            Necr           0%         3d6       100%        4
 Death Channel            Necr           0%         N/A       100%        6


Dungeon Overview and Level Annotations

Branches:
Dungeon (5/15) Zot: 26205
 Temple: D:4-7

Altars:
Ashenzari
Dithmenos
Fedhas
Kikubaaqudgha
Nemelex Xobeh
Okawaru
Ru
Trog
Xom
The Shining One

Annotations:
D:5 Menkaure


Innate Abilities, Weirdness & Mutations

You have a pair of horns on your head.
You reflexively headbutt those who attack you in melee.


Message History

Menkaure, Prince of Dust comes into view.
Found a stone staircase leading up.
Menkaure shouts!
Menkaure calls on the powers of darkness!
Your body is wracked with pain!
There is an open door here.
Menkaure is nearby!
Unknown command.
As you read the scroll of identify {@r1}, it crumbles to dust.
n - 4 scrolls of silence
As you read the scroll of identify {@r1}, it crumbles to dust.
p - 4 scrolls of blinking
As you read the scroll of silence, it crumbles to dust.
A profound silence engulfs you. Menkaure hits you!
There is an open door here.
You hit Menkaure. Your headbutt misses Menkaure.
Menkaure is lightly damaged.
You block Menkaure's attack.
You barely miss Menkaure. You headbutt Menkaure!
Menkaure is moderately damaged.
Menkaure hits you!
* * * LOW HITPOINT WARNING * * *
You are too injured to fight recklessly!
You are too injured to fight recklessly!
You are too injured to fight recklessly!
You are too injured to fight recklessly!
You are too injured to fight recklessly!
You are too injured to fight recklessly!
You hit Menkaure. You headbutt Menkaure.
Menkaure is heavily damaged.
Menkaure hits you!
* * * LOW HITPOINT WARNING * * *
You hit Menkaure but do no damage.
Menkaure is heavily damaged.
Menkaure barely misses you.
You hit Menkaure.
Menkaure is severely damaged.
Menkaure hits you!
You die...

......+ ......# ......#
......#
################.......
#..............#......<
#..............#M......
#..............@.....?.
#..............#.......
##...##+#########.......
##...#............##+#..
$$_..+..
#....#............#
.#.$.$.#..
#....#............#
#.....#..
#....#............#
######..
'....#............# #
......(.
#....#............+ ...
#.....


You could see Menkaure.

Vanquished Creatures
  2 vampire bats (D:4)
  A howler monkey (D:4)
  An iguana (D:4)
  4 gnolls (D:4)
  2 adders
  A worm (D:4)
  A dart slug (D:1)
  5 orcs
  6 ball pythons
  3 bat skeletons (D:4)
  3 bat zombies (D:4)
  6 endoplasms
  3 giant cockroaches
  5 goblins
  5 hobgoblins
  4 jackals (D:3)
  9 kobolds
  2 quokkas
  6 bats
  4 frilled lizards
  8 rats
81 creatures vanquished.

Vanquished Creatures (others)
  A frilled lizard (D:3)
  4 rats (D:3)
5 creatures vanquished.

Grand Total: 86 creatures vanquished

Notes
Turn   | Place    | Note
-------+----------+-------------------------------------------
     0 | D:1      | SeerSkye the Minotaur Fighter began the quest for the Orb.
     0 | D:1      | Reached XP level 1. HP: 19/19 MP: 0/0
    49 | D:1      | Reached skill level 3 in Axes
   128 | D:1      | Reached XP level 2. HP: 27/27 MP: 1/1
   712 | D:1      | Reached XP level 3. HP: 33/33 MP: 2/2
   802 | D:1      | Found a faded altar of an unknown god.
   887 | D:2      | Reached skill level 4 in Axes
  1892 | D:3      | Found a shimmering altar of Xom.
  1925 | D:3      | Reached XP level 4. HP: 10/41 MP: 3/3
  2604 | D:3      | Found a sacrificial altar of Ru.
  2662 | D:4      | Found a sparkling altar of Nemelex Xobeh.
  2758 | D:4      | Reached skill level 5 in Axes
  2763 | D:4      | Found a bloodstained altar of Trog.
  2763 | D:4      | Found a blossoming altar of Fedhas.
  2770 | D:4      | Found an iron altar of Okawaru.
  2773 | D:4      | Found a shadowy altar of Dithmenos.
  2775 | D:4      | Found a glowing golden altar of the Shining One.
  2786 | D:4      | Reached XP level 5. HP: 28/47 MP: 4/4
  3060 | D:4      | Reached skill level 5 in Fighting
  3354 | D:4      | Found an ancient bone altar of Kikubaaqudgha.
  3358 | D:4      | Reached skill level 6 in Axes
  3371 | D:4      | Reached XP level 6. HP: 56/56 MP: 5/5
  3560 | D:5      | Entered Level 5 of the Dungeon
  3625 | D:5      | Found a broken altar of Ashenzari.
  3731 | D:5      | Noticed Menkaure
  3746 | D:5      | Mangled by Menkaure

Illustrated notes

Levels and vault maps discovered:
D:1:      sevenhm_arrival_forest_fort_small_3, layout_loops_ring,
          basic_ecumenical_altar, nicolae_eternal_life
D:2:      layout_loops_corners
D:3:      layout_basic, xom_confusion_cloud, nicolae_ru_path_of_blood,
          glass_columns_a, dreamdust_wishing_well, kennysheep_generic_room_3
D:4:      layout_loops_cross, kennysheep_vampire_church,
          nicolae_overflow_hallway_of_the_gods
D:5:      layout_gridville, amcnicky_altar_gilded, hex_medium, uniq_menkaure

Skill      XL: |  1  2  3  4  5 |
---------------+----------------+-----
Axes           | 3 4 5 6 |  6.5
Fighting       | 4 5 |  5.5
Armour         | |  3.6
Shields        | |  3.6

Action                     |  1- 3 |  4- 6 || total
---------------------------+-------+-------++-------
  Melee: War axe           |    91 |    67 ||   158
         Headbutt          |     6 |     9 ||    15
    Use: Potion            |     1 |       ||     1
         Scroll            |       |     6 ||     6
 Armour: Scale mail        |    49 |    32 ||    81
  Dodge: Dodged            |    38 |    34 ||    72
  Block: Buckler           |    24 |    12 ||    36
